 Dungeon Crawl Stone Soup version 0.29.1-13-g9f3cf754e1 (webtiles) character file.

Game seed: 6414285143472047726

200 cheesebisquit the Shooter (level 5, -3/42 HPs)
             Began as a Minotaur Hunter on Jan 31, 2023.
             Succumbed to a kobold brigand's curare-tipped dart
             ... in a sewer.
             The game lasted 00:07:14 (2250 turns).

cheesebisquit the Shooter (Minotaur Hunter)         Turns: 2250, Time: 00:07:15

Health: -3/42      AC:  5    Str: 16    XL:     5   Next: 49%
Magic:  4/4        EV: 12    Int:  6    God:
Gold:   70         SH:  0    Dex: 15    Spells: 4/4 levels left

rFire   . . .      SeeInvis .   a - +0 shortbow (venom)
rCold   . . .      Faith    .   (shield currently unavailable)
rNeg    . . .      Spirit   .   c - +0 leather armour
rPois   .          Reflect  .   (helmet restricted)
rElec   .          Harm     .   (no cloak)
rCorr   .          Rampage  .   (no gloves)
Will    .....                   t - +1 pair of boots
Stlth   +.........              (no amulet)
HPRegen 0.14/turn               (no ring)
MPRegen 0.09/turn               (no ring)

@: mighty, lethally poisoned (-3 -> -19), attractive, slowed, very slow
A: horns 2, retaliatory headbutt
a: no special abilities


You were in a sewer.
You visited 1 branch of the dungeon, and saw 3 of its levels.
You also visited: Sewer.

You collected 70 gold pieces.

Inventory:

Hand Weapons
 a - a +0 shortbow of venom (weapon)
Missiles
 i - 3 poisoned darts
Armour
 c - a +0 leather armour (worn)
 j - a +0 ring mail
 o - a +0 chain mail
 t - a +1 pair of boots (worn)
 u - a +0 plate armour
Wands
 l - a wand of mindburst (7)
Scrolls
 b - a scroll of immolation
 d - a scroll of vulnerability {unknown}
 k - a scroll of butterflies
 p - a scroll of teleportation
 q - a scroll of enchant weapon {unknown}
 s - a scroll of amnesia {unknown}
 v - a scroll of noise {unknown}
Potions
 f - a potion of haste {unknown}
 g - a potion of might
 h - a potion of flight {unknown}
 m - a potion of degeneration {unknown}
 n - a potion of curing {unknown}
 r - a potion of magic {unknown}
 w - a potion of berserk rage {unknown}


   Skills:
 - Level 2.4 Fighting
 + Level 7.5 Ranged Weapons
 - Level 2.1 Dodging
 - Level 0.7 Stealth


You had 4 spell levels left.
You didn't know any spells.
Your spell library was empty.

Dungeon Overview and Level Annotations

Branches:
Dungeon (3/15)              Sewer (1/1)

Altars:


Innate Abilities, Weirdness & Mutations

You have a pair of horns on your head.
You reflexively headbutt those who attack you in melee.


Message History

You shoot an arrow.
The arrow closely misses the kobold brigand.
The kobold brigand throws a curare-tipped dart.
The curare-tipped dart hits you.
You are poisoned.
You have difficulty breathing.
You feel yourself slow down.
You shoot an arrow.
The arrow barely misses the kobold brigand.
You feel very sick.
The kobold brigand throws a curare-tipped dart.
The curare-tipped dart hits you.
You are more poisoned.
You have difficulty breathing.
You feel as though you will be slow longer.
You shoot an arrow.
The arrow closely misses the kobold brigand.
You feel extremely sick.
You are too injured to fight recklessly!
Fire: a) +0 shortbow (venom)
Press: ? - help, Q - select action, (/) - cycle Shift-Dir - straight line, f/p - kobold brigand
Aim: a kobold brigand, wielding a +0 short sword and quivering curare-tipped darts (56% to hit)
You shoot an arrow.
The arrow hits the kobold brigand but does no damage.
You feel very sick.
The kobold brigand throws a curare-tipped dart.
The curare-tipped dart hits you.
You are lethally poisoned!
You have difficulty breathing.
* * * LOW HITPOINT WARNING * * *
You feel as though you will be slow longer.
Okay, then.
Okay, then.
It was a potion of might.
You feel very mighty all of a sudden.
* * * LOW HITPOINT WARNING * * *
You feel extremely sick. The kobold brigand closely misses you.
It was a potion of attraction.
You feel attractive to monsters.
You die...

#.~...~~~~.~~.~≈≈≈≈≈~
#.....####..~.~#####
##.~~## ##...## #####
##~## #~# #~# ##~##
##~..##
###@.~.~#####..~
~)....K~..~.~~~~~.~.
.~#####.....#####~~.
##.~.## #####


You could see a kobold brigand.

Vanquished Creatures
  Natasha (thrice) (D:3)
  3 gnolls (D:3)
  An adder (D:3)
  3 adder skeletons (D:2)
  A worm (D:3)
  3 dart slugs
  8 ball pythons
  A bat skeleton (D:2)
  A bat zombie (D:2)
  4 endoplasms
  A giant cockroach (D:2)
  5 goblins
  7 hobgoblins
  5 kobolds
  6 quokkas
  8 bats
  2 frilled lizards
  8 rats
70 creatures vanquished.

Vanquished Creatures (others)
  2 withered plants (D:2)
2 creatures vanquished.

Grand Total: 72 creatures vanquished

Notes
Turn   | Place    | Note
-------+----------+-------------------------------------------
     0 | D:1      | cheesebisquit the Minotaur Hunter began the quest for the
                  | Orb.
     0 | D:1      | Reached XP level 1. HP: 18/18 MP: 0/0
   180 | D:1      | Reached XP level 2. HP: 25/25 MP: 1/1
   250 | D:1      | Reached skill level 5 in Ranged Weapons
   511 | D:1      | Found a faded altar of an unknown god.
   870 | D:1      | Reached XP level 3. HP: 30/30 MP: 2/2
  1243 | D:2      | Reached skill level 6 in Ranged Weapons
  1735 | D:3      | Noticed Natasha
  1743 | D:3      | Killed Natasha
  1744 | D:3      | Reached XP level 4. HP: 36/37 MP: 3/3
  1756 | D:3      | Noticed Natasha
  1761 | D:3      | Killed Natasha
  1766 | D:3      | Noticed Natasha
  1772 | D:3      | Killed Natasha
  1773 | D:3      | Reached skill level 7 in Ranged Weapons
  1773 | D:3      | Reached XP level 5. HP: 28/42 MP: 4/4
  1975 | D:3      | Found a glowing drain.
  2086 | Sewer    | Entered a sewer
  2249 | Sewer    | HP: 1/42 [poisoned by a kobold brigand (curare-tipped
                  | dart)]
  2250 | Sewer    | Succumbed to a kobold brigand's curare-tipped dart

Illustrated notes

Levels and vault maps discovered:
D:1:      minmay_arrival_semitransparent, layout_loops_corners,
          shapermc_ecumenical_altar_hornbeckon, grunt_decor_mini_mirrors
D:2:      layout_loops_ring, serial_undead, serial_undead_f, serial_undead_d,
          serial_undead_d, serial_undead_e
D:3:      layout_rooms, cheibrodos_sewer_entry_sluice, uniq_natasha
Sewer:    sewer_co_15_rooms

Skill      XL: |  1  2  3  4 |
---------------+-------------+-----
Ranged Weapons | 5 6 7 |  7.5
Fighting       | |  2.4
Dodging        | |  2.1
Stealth        | |  0.7

Action                   |  1- 3 |  4- 6 || total
-------------------------+-------+-------++-------
 Fire: Shortbow          |   116 |    70 ||   186
  Use: Scroll            |     6 |       ||     6
       Potion            |       |     2 ||     2
Armor: Leather armour    |     6 |     2 ||     8
       Ring mail         |    19 |       ||    19
Dodge: Dodged            |    25 |    12 ||    37
